Map: Rosanegro LE

Players

IagoAbreu - Winner!

  • Race: Zerg Zerg
  • League: Gold
  • Spawn Location: 7:00

GGMAN

  • Race: Terran Terran
  • League: Silver
  • Spawn Location: 1:00

VOD

Have the link to the VOD?

Description

Time

  • Played on: April 8, 2018, 3:59 p.m.
  • Length: 20:59
Show
View Real Time Build Order
Export as new Build Order

IagoAbreu Zerg - Winner!

Build Orders: Pool First 

Get SALT Encoding   

  12  0:02  Drone  
  13  0:09  Drone  
  14  0:18  Overlord  
  14  0:22  Extractor  
  13  0:41  Spawning Pool  
  12  0:44  Drone  
  12  0:45  Drone  
  14  0:50  Drone  
  15  0:59  Drone  
  16  1:08  Drone  
  17  1:20  Evolution Chamber  
  17  1:22  Drone  
  17  1:29  Queen  
  17  1:30  Drone  
  20  1:38  Zergling x2  
  21  1:52  Roach Warren  
  20  1:55  Drone  
  21  2:08  Overlord  
  21  2:14  Extractor  
  20  2:31  Hatchery  
  19  2:39  Roach x3  
  25  2:52  Queen  
  25  2:56  Drone x2  
  25  2:57  Drone  
  30  3:02  Zerg Missile Weapons Level 1  
  30  3:13  Overlord  
  30  3:58  Roach x7  
  44  4:09  Overlord x2  
  40  4:34  Roach x4  
  40  4:35  Roach  
  48  4:59  Ravager  
  49  5:03  Drone  
  49  5:04  Drone  
  51  5:18  Extractor  
  51  5:20  Drone  
  51  5:22  Overlord x3  
  51  5:23  Overlord  
  51  5:40  Queen  
  53  5:45  Roach x4  
  61  5:54  Drone x3  
  64  6:23  Drone x2  
  66  6:27  Drone x3  
  69  6:34  Roach x3  
  77  6:42  Queen  
  77  6:50  Roach  
  77  6:51  Roach  
  77  6:53  Drone  
  77  6:54  Drone  
  83  6:59  Overlord  
  81  7:19  Burrow  
  81  7:42  Lair  
  81  7:46  Drone x2  
  81  7:47  Drone x2  
  81  7:51  Roach x3  
  91  7:53  Overlord  
  91  8:12  Ravager x3  
  93  8:13  Ravager x4  
  93  8:15  Ravager  
  99  8:33  Pneumatized Carapace  
  99  8:36  Extractor  
  98  8:48  Hatchery  
  97  9:04  Roach  
  97  9:05  Overlord  
  97  9:06  Overlord x7  
  89  9:33  Roach x6  
  89  9:44  Tunneling Claws  
  84  10:02  Roach x7  
  84  10:03  Roach x3  
  105  10:21  Drone x2  
  106  10:29  Ravager  
  106  10:30  Ravager x4  
  111  10:37  Drone  
  111  10:38  Drone x2  
  114  10:59  Zerg Missile Weapons Level 2  
  114  11:05  Drone x5  
  114  11:06  Drone  
  104  11:50  Roach x6  
  104  11:51  Roach x5  
  114  12:04  Ravager x7  
  121  12:09  Roach x4  
  90  12:42  Roach x5  
  97  13:00  Spire  
  90  13:21  Ravager, Hydralisk Den  
  90  13:22  Ravager x4  
  92  13:56  Hydralisk x3  
  92  13:57  Hydralisk x4  
  92  13:59  Overlord x3  
  92  14:00  Overlord  
  92  14:01  Zergling x10  
  92  14:02  Zergling x10  
  116  14:03  Metabolic Boost  
  116  14:09  Extractor  
  115  14:11  Extractor  
  115  14:15  Corruptor  
  116  14:50  Corruptor  
  116  14:51  Corruptor x3  
  124  14:53  Zergling x6  
  124  14:54  Zergling x10  
  124  14:55  Zergling x6  
  124  14:56  Zergling x2  
  136  15:20  Corruptor x3  
  136  15:21  Corruptor  
  142  15:26  Roach x3  
  150  15:33  Roach x3  
  150  15:34  Roach  
  158  15:37  Roach x2  
  162  15:50  Ravager x2  
  164  16:04  Hydralisk x4  
  172  16:16  Corruptor  
  174  16:20  Corruptor  
  174  16:22  Hydralisk  
  174  16:24  Zergling x4  
  174  16:25  Zergling x18  
  189  16:52  Hydralisk  
  189  16:53  Hydralisk x4  
  199  17:06  Nydus Network  
  198  17:29  Corruptor  
  200  17:56  Nydus Canal  
  167  19:06  Corruptor  
  167  19:07  Corruptor x3  
  175  19:10  Roach x3, Hydralisk x2  
  175  19:11  Hydralisk x5  
  189  19:18  Hydralisk x6  
  187  19:40  Mutalisk  
  187  19:41  Mutalisk x7  
Show
View Real Time Build Order
Export as new Build Order

GGMAN Terran 

Build Orders:  

Get SALT Encoding   

  12  0:02  SCV  
  13  0:15  SCV  
  14  0:24  Supply Depot  
  14  0:27  SCV  
  15  0:49  Barracks  
  15  0:54  Barracks  
  15  0:57  Refinery  
  15  1:04  Refinery  
  15  1:05  SCV  
  16  1:18  SCV  
  17  1:30  SCV  
  18  1:40  Barracks Reactor  
  18  1:42  SCV  
  18  1:46  Barracks Reactor  
  19  1:54  Orbital Command  
  19  2:09  Supply Depot  
  19  2:20  SCV  
  20  2:24  Reaper x2  
  20  2:25  Reaper x2  
  24  2:59  Reaper x4  
  24  3:02  SCV  
  29  3:12  Engineering Bay  
  29  3:14  SCV  
  29  3:18  Factory  
  30  3:31  SCV  
  30  3:34  Marine x4  
  35  3:43  SCV  
  36  3:51  Marine  
  36  3:52  Marine  
  30  4:50  Marine x2  
  32  4:53  Marine x2  
  32  5:02  Factory Tech Lab  
  32  5:12  Starport  
  32  5:15  Armory  
  32  5:17  Building Armor  
  32  5:21  Siege Tank  
  35  5:35  Marine x4  
  39  5:55  Siege Tank  
  42  6:00  Supply Depot  
  42  6:07  Starport Reactor  
  42  6:11  Starport  
  42  6:23  Supply Depot  
  42  6:34  Siege Tank  
  42  6:37  Terran Vehicle Weapons Level 1  
  42  7:20  Command Center  
  42  7:27  Sensor Tower  
  42  7:36  Starport Tech Lab  
  42  7:37  Siege Tank  
  45  8:07  Liberator  
  48  8:27  Fusion Core  
  48  8:31  Liberator, Terran Vehicle And Ship Armor Level 1  
  48  10:03  Siege Tank  
  51  10:07  Battlecruiser  
  51  10:12  SCV  
  58  10:14  SCV  
  58  10:17  Liberator  
  59  10:24  SCV  
  59  10:27  SCV  
  64  10:37  SCV  
  64  10:39  SCV  
  66  10:49  SCV  
  67  10:51  SCV  
  68  11:01  SCV  
  68  11:03  SCV  
  51  13:23  Command Center  
  51  13:40  Bunker  
  50  14:19  Refinery  
  50  14:21  Refinery  
  50  14:47  Supply Depot  
  50  14:56  Supply Depot  
  50  15:03  Orbital Command  
  50  15:10  Supply Depot  
  50  15:19  Supply Depot  
  50  15:37  Supply Depot  
  50  15:42  Orbital Command  
  50  15:52  Terran Ship Weapons Level 1  
  50  16:16  Command Center  
  50  16:31  Fusion Core  
  50  16:39  Liberator  
  50  16:41  Liberator  
  50  16:43  Refinery  
  50  16:46  Refinery  
  56  17:46  Battlecruiser  
  62  18:01  Planetary Fortress  
Tags
 
Add a new tag
Caveats
  • Supply blocks, unpowered buildings, or Contaminate may cause inaccurate times.
  • Supply counts are checked every 10 seconds.